 Dungeon Crawl Stone Soup version 0.24-a0-585-g5c5dc1b5cb (webtiles) character file.

Game seed: 9779203782849615009, levelgen mode: deterministic

119 Htamos the Ducker (level 4, 21/21 HPs)
             Began as a Felid Transmuter on Sept 7, 2019.
             Quit the game in the Ecumenical Temple.
             The game lasted 00:19:42 (4657 turns).

Htamos the Ducker (Felid Transmuter)                Turns: 4657, Time: 00:19:42

Health: 21/21      AC:  1    Str:  7    XL:     4   Next: 74%
Magic:  9/9        EV: 19    Int: 15    God:
Gold:   124        SH:  0    Dex: 16    Spells: 2/8 levels left
                                        Lives:  0   Deaths: 1

rFire    . . .     SeeInvis +     - Unarmed
rCold    . . .     Gourm    .   (shield unavailable)
rNeg     . . .     Faith    .   (armour unavailable)
rPois    .         Spirit   .   (helmet unavailable)
rElec    .         Reflect  .   (cloak unavailable)
rCorr    .         Harm     .   (gloves unavailable)
MR       .....                  (boots unavailable)
Stlth    ++........             (no amulet)
HPRegen  0.07/turn              (no ring)
MPRegen  0.11/turn              (no ring)

@: quick
A: very small, no armour, no weapons or thrown items, stealth, claws 1, fangs 3,
see invisible, carnivore, speed 1, shaggy fur 1, slow metabolism 1, sharp paws
a: no special abilities


You were in the Ecumenical Temple.
You were not hungry.

You visited 2 branches of the dungeon, and saw 5 of its levels.

You collected 124 gold pieces.

Inventory:

Missiles
 a - 32 arrows
Jewellery
 n - an uncursed ring of flight {unknown}
Scrolls
 e - a scroll of fear {unknown}
 f - a scroll of immolation {unknown}
 g - 3 scrolls of teleportation {unknown}
 i - 2 scrolls of random uselessness {unknown}
 k - a scroll of identify {unknown}
 l - 2 scrolls of noise {unknown}
 o - a scroll of amnesia {unknown}
Potions
 b - a potion of agility
 d - a potion of curing {@qc}
 h - 2 potions of ambrosia {unknown}
 j - a potion of magic {unknown}
 m - a potion of cancellation
Comestibles
 c - 9 rations


   Skills:
 * Level 3.5 Fighting
 + Level 3.9 Dodging
 + Level 3.7 Unarmed Combat
 + Level 2.8 Spellcasting
 + Level 3.3 Transmutations
 + Level 0.0 Poison Magic


You had 2 spell levels left.
You knew the following spells:

 Your Spells              Type           Power        Failure   Level  Hunger
a - Beastly Appendage     Tmut           ##....       5%          1    #......
b - Sticks to Snakes      Tmut           ##......     8%          2    ##.....
c - Spider Form           Tmut/Pois      #.........   30%         3    ###....

Your spell library contained the following spells:

 Spells                   Type           Power        Failure   Level  Hunger
 Magic Dart               Conj           #...         21%         1    #......
 Blink                    Tloc           N/A          30%         2    ##.....
 Call Imp                 Summ           #.......     30%         2    ##.....
 Slow                     Hex            #.......     30%         2    ##.....
 Conjure Flame            Conj/Fire      #.......     52%         3    ###....
 Mephitic Cloud           Conj/Pois/Air  #.......     52%         3    ###....
 Ice Form                 Ice/Tmut       #.......     71%         4    #####..
 Blade Hands              Tmut           ##........   82%         5    ######.


Dungeon Overview and Level Annotations

Branches:
Dungeon (4/15)             Temple (1/1) D:4

Altars:
Ru

Annotations:
D:3 2 transporters
D:4 exclusions: ice beast and slave, Edmund, Pikel


Innate Abilities, Weirdness & Mutations

You cannot wear armour.
You are incapable of wielding weapons or throwing items.
Your paws allow you to move quietly. (Stealth)
You have sharp claws.
You have razor-sharp teeth.
You have supernaturally acute eyesight. (SInv)
You are carnivorous and can eat meat at any time.
You cover ground quickly.
You are covered in fur. (AC +1)
You have a slow metabolism.
Your sharp claws are effective at attacking unaware monsters.


Message History

Your transformation is almost over.
An adder comes into view.
You aren't carrying any items that you can evoke.
The adder hisses angrily.
The adder bites you.
You die...
Your shape twists and changes as you die.
You are lethally poisoned!
The adder poisons you!
You are now level 4!
Your horns disappear.
You rejoin the land of the living...
You see here a club.
f - a scroll labeled UKONNA RALLO
o - a scroll labeled KEHIXAI GAVON
There is a staircase to the Ecumenical Temple here.
You climb downwards.
Welcome to the Ecumenical Temple!
There is a staircase back to the Dungeon here.
You can't grasp things well enough to throw them.
Are you sure you want to abandon this character and quit the game? (Confirm with "yes".)

≈≈≈≈≈≈≈≈≈≈≈≈≈≈≈
≈≈≈≈≈≈≈≈≈≈≈≈≈≈≈
≈≈≈≈≈≈≈≈≈≈≈≈≈≈≈
≈≈≈≈≈≈≈≈≈≈≈≈≈≈≈
≈≈≈≈≈≈≈≈≈≈≈≈≈≈≈
...............
...............
.⌠.....@.....⌠.
...............
...............
≈≈≈≈≈.....≈≈≈≈≈
≈≈≈≈≈≈...≈≈≈≈≈≈
≈≈≈≈≈≈...≈≈≈≈≈≈
≈≈≈≈≈≈...≈≈≈≈≈≈
≈≈≈≈≈≈...≈≈≈≈≈≈


There were no monsters in sight!

Vanquished Creatures
  A slave (D:4)
  2 orc wizards
  6 adders
  An ooze (D:3)
  3 worms
  A dart slug (D:1)
  3 leopard geckos
  An orc (D:3)
  A ball python (D:4)
  9 bats
  3 giant cockroaches
  8 goblins
  7 hobgoblins
  A jackal (D:2)
  4 frilled lizards
  10 kobolds
  6 rats
67 creatures vanquished.

Vanquished Creatures (collateral kills)
  2 orc priests (D:3)
  An orc wizard (D:3)
  An adder (D:3)
  3 orcs (D:3)
7 creatures vanquished.

Grand Total: 74 creatures vanquished

Notes
Turn   | Place    | Note
-------+----------+-------------------------------------------
     0 | D:1      | Htamos the Felid Transmuter began the quest for the Orb.
     0 | D:1      | Reached XP level 1. HP: 9/9 MP: 4/4
   248 | D:1      | Reached XP level 2. HP: 12/12 MP: 6/6
   252 | D:1      | Learned a level 2 spell: Sticks to Snakes
   802 | D:2      | Reached XP level 3. HP: 6/16 MP: 3/7
   999 | D:2      | Found a sacrificial altar of Ru.
  1191 | D:2      | Reached XP level 4. HP: 20/20 MP: 8/8
  2190 | D:2      | Learned a level 3 spell: Spider Form
  2338 | D:3      | Found a transporter.
  2522 | D:3      | Found a transporter.
  2636 | D:3      | Reached XP level 5. HP: 20/24 MP: 7/9
  4152 | D:4      | Noticed an ice beast
  4193 | D:4      | Noticed Edmund
  4489 | D:4      | Found a staircase to the Ecumenical Temple.
  4492 | D:4      | Noticed a slave
  4492 | D:4      | Noticed a slave
  4492 | D:4      | Noticed a slave
  4492 | D:4      | Noticed a slave
  4494 | D:4      | Noticed Pikel
  4532 | D:4      | Killed a slave
  4620 | D:4      | Slain by an adder
  4621 | D:4      | Reached XP level 4. HP: -1/21 MP: 2/9
  4656 | Temple   | Entered the Ecumenical Temple
  4657 | Temple   | Quit the game

Levels and vault maps discovered:
D:1:      wander_arrival_chamber, layout_basic, patterned_corridor
D:2:      layout_basic, first_ration, nicolae_ru_great_annihilating_truth
D:3:      gammafunk_wand_slinger, layout_basic
D:4:      layout_loops_ring, minmay_temple_entry_wispy, mrwooster_statue_mirror,
          serial_bayou_lake_a, uniq_pikel, uniq_edmund
Temple:   minmay_temple_bridge_abc

Skill      XL: |  1  2  3  4 |
---------------+-------------+-----
Dodging        | 3 |  3.9
Fighting       | 2 3 |  3.5
Transmutations | 3 |  3.3
Unarmed Combat | |  3.7
Spellcasting   | |  2.8

Action                   |  1- 3 |  4- 6 || total
-------------------------+-------+-------++-------
Melee: Unarmed           |    81 |   146 ||   227
       Headbutt          |     5 |    12 ||    17
       Bite              |     5 |     8 ||    13
       Punch             |       |     3 ||     3
 Cast: Beastly Appendage |     8 |    14 ||    22
       Sticks to Snakes  |     2 |    37 ||    39
  Use: Potion            |       |     3 ||     3
 Stab: Sleeping          |     4 |     6 ||    10
       Paralysed         |     1 |       ||     1
       Distracted        |       |     1 ||     1
  Eat: Chunk             |     8 |     9 ||    17
Armor: Skin              |     1 |     6 ||     7
Dodge: Dodged            |    63 |   107 ||   170

Table legend:
 A = Non-vault XP
 B = Vault XP
 C = Vault XP percentage of total XP
 D = Non-vault monster count
 E = Vault monster count
 F = Vault count percentage of total count
                 A         B        C        D         E       F
            +---------+---------+-------+---------+---------+-------
      Total |     294 |      41 |  12.2 |      69 |       4 |   5.5
            +---------+---------+-------+---------+---------+-------
        D:1 |      34 |       0 |   0.0 |      19 |       0 |   0.0
        D:2 |      81 |      41 |  33.6 |      27 |       4 |  12.9
        D:3 |     171 |       0 |   0.0 |      20 |       0 |   0.0
        D:4 |       8 |       0 |   0.0 |       3 |       0 |   0.0
            +---------+---------+-------+---------+---------+-------
